[Event "ROU-chT Women Superliga 2018"]
[Site "Sovata"]
[Date "2018.11.29"]
[Round "5"]
[White "Nastase, Andreea-Cristina"]
[Black "Panainte, Andreea-Bianca"]
[Result "1-0"]
[ECO "E11"]
[WhiteElo "1900"]
[BlackElo "1946"]
[Annotator "NA RC"]
[PlyCount "73"]
[EventDate "2018.11.24"]
[EventType "team-tourn"]
[EventCountry "ROU"]
[SourceTitle "playchess.com"]
[Source "ChessBase"]
[SourceQuality "1"]
[TimeControl "40/5400+30:1800+30"]

1. d4 Nf6 2. Nf3 e6 3. c4 Bb4+ 4. Nbd2 c5 5. a3 Bxd2+ 6. Qxd2 cxd4 7. Nxd4 d5 {[%emt 0:00:41] E11: Bogo-Indian} 8. e3 O-O 9. cxd5 Qxd5 10. Nb5 Na6 (10... Qc6 11. f3 a6 12. Nc3 e5 13. e4 Nbd7 14. Qf2 Nc5 15. Be3 Nb3 {½-½ (43) Kasparov,G (2812)-Short,N (2664) Saint Louis 2015}) 11. Qxd5 Nxd5 12. e4 $146 ({Predecessor:} 12. b4 Nac7 13. Nxc7 Nxc7 14. Bb2 Bd7 15. Rc1 {1-0 (39) Kanarek,M (2528)-Van der Lende,I (2332) Barcelona 2015}) 12... Ndc7 13. Bf4 Nxb5 14. Bxb5 Rd8 15. Rd1 Rxd1+ 16. Kxd1 Nc5 {[%emt 0:00:41] [#]} 17. Ke2 $1 Bd7 18. Bxd7 Nxd7 19. Rc1 Nf6 20. Rc7 b6 21. f3 a6 22. a4 h6 23. Rb7 h5 24. Be5 Rc8 25. Bxf6 gxf6 26. Kd3 Rd8+ 27. Ke3 Rd6 28. b4 e5 29. a5 b5 30. Rb6 Re6 (30... Rd4 {is a better defense.} 31. Rxf6 (31. Rxa6 Rxb4 32. Rxf6 Rb3+ 33. Kd2 h4 $18) 31... Rxb4 32. Rxa6 h4) 31. f4 exf4+ 32. Kxf4 Kg7 33. Rxe6 fxe6 34. e5 Kg6 35. exf6 Kxf6 36. g4 e5+ 37. Kg3 $18 1-0

[Event "ROU-chT Women Superliga 2018"]
[Site "Sovata"]
[Date "2018.11.29"]
[Round "5"]
[White "Dobre, Ana-Margareta-Alexa"]
[Black "Popa, Andrada"]
[Result "1-0"]
[ECO "A10"]
[WhiteElo "1885"]
[BlackElo "1598"]
[Annotator "NA RC"]
[PlyCount "57"]
[EventDate "2018.11.24"]
[EventType "team-tourn"]
[EventCountry "ROU"]
[SourceTitle "playchess.com"]
[Source "ChessBase"]
[SourceQuality "1"]
[TimeControl "40/5400+30:1800+30"]

1. c4 g6 2. g3 Bg7 3. Bg2 e6 4. Nc3 Nf6 5. e4 d6 6. Nge2 e5 7. O-O O-O 8. d4 Nbd7 9. Rb1 Re8 10. dxe5 Nxe5 11. b3 $1 Nfd7 12. Nd5 Nc5 13. Be3 Ned7 14. Qc2 Ne5 $14 15. h3 f5 16. f4 Nc6 17. Bxc5 dxc5 18. e5 Nd4 19. Qb2 c6 20. Ndc3 Rb8 21. Rbd1 Qb6 22. Nxd4 cxd4 23. Na4 Qc7 24. Qxd4 b5 25. cxb5 cxb5 26. Rc1 Qa5 27. Nc3 Ba6 28. b4 Red8 29. Bd5+ 1-0

[Event "ROU-chT Women Superliga 2018"]
[Site "Sovata"]
[Date "2018.11.29"]
[Round "5"]
[White "Matasaru, Stephanie"]
[Black "Lehaci, Miruna-Daria"]
[Result "0-1"]
[ECO "B90"]
[WhiteElo "1859"]
[BlackElo "2067"]
[Annotator "NA RC"]
[PlyCount "78"]
[EventDate "2018.11.24"]
[EventType "team-tourn"]
[EventCountry "ROU"]
[SourceTitle "playchess.com"]
[Source "ChessBase"]
[SourceQuality "1"]
[TimeControl "40/5400+30:1800+30"]

1. e4 c5 2. Nf3 d6 3. d4 cxd4 4. Nxd4 Nf6 {[%emt 0:00:00] LiveBook: 96135 Games} 5. Nc3 a6 6. h3 e6 7. g4 Be7 8. Bg2 Nfd7 {[%emt 0:00:00] B81: Sicilian Scheveningen: Keres Attack} 9. O-O (9. Be3 Nc6 10. h4 O-O 11. g5 Nde5 12. Qe2 Nxd4 13. Bxd4 Nc6 14. Be3 Bd7 15. f4 {½-½ (30) Dominguez Perez,L (2739)-Grischuk,A (2766) Saint Louis 2018}) 9... g5 10. Be3 Ne5 $146 ({Predecessor:} 10... Nc6 11. a4 Nce5 12. b3 b6 13. Nde2 Bb7 14. Qd2 h5 15. f3 Rc8 16. Ng3 {0-1 (52) Popovic,A (2300)-Ravic,N (2283) Belgrade 2009}) 11. Qe2 Nbd7 12. f4 gxf4 13. Bxf4 h5 14. Bxe5 Nxe5 15. gxh5 Qb6 16. Qf2 Bd7 17. Nf3 Qxf2+ ({Much less strong is} 17... Nxf3+ 18. Bxf3 Qxb2 19. Ne2 $17) 18. Rxf2 Rxh5 19. Nxe5 dxe5 20. Rf3 Rc8 21. Raf1 f6 22. Rg3 Kf7 23. Bf3 Rhh8 24. Bg4 Bc6 25. Kh2 b5 26. a3 a5 27. Bf3 Bf8 28. Rfg1 Rd8 29. R1g2 Bh6 30. Bh5+ $2 (30. Kg1) 30... Kf8 31. Ne2 $19 Bxe4 32. Rf2 f5 33. Bf3 Bxc2 34. Rg6 Ke7 35. Nc3 Bf4+ 36. Kg2 Kf7 37. Rxc2 Kxg6 38. Nxb5 e4 39. Be2 Rd2 0-1

[Event "ROU-chT Women Superliga 2018"]
[Site "Sovata"]
[Date "2018.11.29"]
[Round "5"]
[White "Pelin, Ana-Maria"]
[Black "Aciu, Malina-Andreea"]
[Result "0-1"]
[ECO "D25"]
[WhiteElo "1751"]
[BlackElo "1976"]
[Annotator "NA RC"]
[PlyCount "64"]
[EventDate "2018.11.24"]
[EventType "team-tourn"]
[EventCountry "ROU"]
[SourceTitle "playchess.com"]
[Source "ChessBase"]
[SourceQuality "1"]
[TimeControl "40/5400+30:1800+30"]

1. d4 d5 2. c4 dxc4 3. Nf3 Nf6 4. e3 Bg4 {[%emt 0:00:00] LiveBook: 1383 Games} 5. Bxc4 e6 6. O-O Nc6 7. Nc3 Bd6 {[%emt 0:00:14] D07: Queen's Gambit: Chigorin Defence} 8. a3 (8. Bb5 O-O 9. h3 Bh5 10. b3 Nb4 11. Be2 c5 12. a3 cxd4 13. Nxd4 Bxe2 14. Qxe2 Nbd5 15. Nxd5 Nxd5 {1-0 (45) Lenic,L (2662)-Kriebel,T (2520) Batumi 2018}) 8... O-O 9. b4 Qe7 $146 ({Predecessor:} 9... e5 10. dxe5 Nxe5 11. Be2 Qe7 12. Nd4 Rad8 13. h3 Bc8 14. Qc2 Ng6 15. Nf3 {½-½ (27) Loheac Amoun,F-Johannessen,S Nice 1974}) 10. Bb2 Rad8 (10... e5 $5 ) 11. Be2 e5 12. b5 (12. d5 $11 e4 13. Nd2 Bxe2 14. Qxe2) 12... exd4 13. Nxd4 Qe5 14. g3 Nxd4 15. exd4 Qh5 16. Qc2 Rfe8 17. f3 Bf5 18. Bd3 Bh3 19. Rf2 Re7 20. Ne4 Nd5 $11 21. Qd2 Rde8 22. Qg5 Qxg5 23. Nxg5 Re1+ 24. Rxe1 Rxe1+ 25. Bf1 Rxf1+ 26. Rxf1 Bxf1 27. Kxf1 Ne3+ 28. Ke2 Nc4 29. Bc3 Nxa3 30. Ne4 Nxb5 31. Nxd6 Nxc3+ 32. Kd3 cxd6 0-1

[Event "ROU-chT Women Superliga 2018"]
[Site "Sovata"]
[Date "2018.11.29"]
[Round "5"]
[White "Popa, Catalina-Elena"]
[Black "Visanescu, Daria-Ioana"]
[Result "0-1"]
[ECO "D00"]
[WhiteElo "1746"]
[BlackElo "2096"]
[Annotator "NA RC"]
[PlyCount "98"]
[EventDate "2018.11.24"]
[EventType "team-tourn"]
[EventCountry "ROU"]
[SourceTitle "playchess.com"]
[Source "ChessBase"]
[SourceQuality "1"]
[TimeControl "40/5400+30:1800+30"]

1. d4 d5 2. Bf4 e6 3. e3 Nf6 4. Nf3 Bd6 5. Ne5 O-O 6. Nd2 c5 7. c3 {[%emt 0:00:08] D02: 1 d4 d5 2 Nf3 sidelines, including 2...Nf6 3 g3 and 2...Nf6 3 Bf4} b6 (7... Nc6 8. Nxc6 bxc6 9. dxc5 Bxc5 10. Bd3 Bd6 11. Bg5 h6 12. Bh4 a5 13. O-O Be7 14. e4 Ba6 15. Bxa6 Rxa6 {½-½ (54) Mamedyarov,S (2804)-Khachiyan,M (2522) chess.com INT 2018}) 8. Bd3 h6 9. Bg3 $146 ({Predecessor:} 9. Qf3 Bb7 10. Qh3 Ne4 11. f3 Ng5 12. Qh5 f5 13. h4 {1-0 (40) Fritsch,J (1789)-Perk,E (1682) Binz 2014}) 9... Bb7 10. f4 Ne4 11. Ndf3 Nd7 12. O-O Nxe5 13. fxe5 Be7 14. Qe1 c4 (14... Qc8 $11) 15. Bxe4 dxe4 16. Nd2 b5 17. Qe2 Qd5 (17... Rc8 $11) 18. Qg4 f5 19. exf6 Bxf6 20. Rae1 e5 21. Rf5 Bc8 22. Nxe4 Bxf5 23. Qxf5 {[%emt 0:00:03] [#]} Bh4 $1 24. Qg6 Bxg3 25. Nxg3 Qf7 26. Qxf7+ Rxf7 27. d5 Rd8 28. e4 g6 29. Re2 Kf8 30. Nf1 Ke7 31. Nd2 Kd6 32. Nf3 a5 33. Rc2 Rc8 34. a3 g5 35. h3 Rg8 36. Nd2 (36. Rf2 $142) 36... g4 37. h4 g3 38. a4 Kc5 39. axb5 Kxb5 40. b3 cxb3 41. Nxb3 Kc4 42. Nxa5+ Kd3 {[%emt 0:00:05] Double Attack} 43. Rc1 Rgf8 44. Re1 Kd2 45. Ra1 $2 (45. Rb1) 45... Ke2 46. Ra2+ Kd3 {[%emt 0:00:32] Double Attack} 47. Ra1 Ra8 48. c4 Rfa7 49. Ra3+ Kxe4 0-1

[Event "ROU-chT Women Superliga 2018"]
[Site "Sovata"]
[Date "2018.11.29"]
[Round "5"]
[White "Patru, Alexandra-Ioana"]
[Black "Stanciu, Andreea-Briana"]
[Result "0-1"]
[ECO "A46"]
[WhiteElo "1631"]
[BlackElo "1953"]
[Annotator "NA RC"]
[PlyCount "139"]
[EventDate "2018.11.24"]
[EventType "team-tourn"]
[EventCountry "ROU"]
[SourceTitle "playchess.com"]
[Source "ChessBase"]
[SourceQuality "1"]
[TimeControl "40/5400+30:1800+30"]

1. d4 Nf6 2. Nf3 e6 3. c4 d5 4. e3 Nbd7 5. Bd3 c6 6. Nbd2 Be7 7. b3 O-O 8. Bb2 b6 9. O-O Bb7 10. Ne5 Nxe5 11. dxe5 Nd7 12. Qg4 {[%emt 0:09:39] D30: Queen's Gambit Declined: Systems without Nc3} (12. Qh5 g6 13. Qh3 Nc5 14. Bc2 f5 15. Rfd1 Qe8 16. cxd5 exd5 17. Nf3 Ne6 18. Nd4 Bc8 19. g4 c5 20. Nxe6 Bxe6 {½-½ (35) Prusikin,M (2552)-Novkovic,M (2413) Austria 2007}) 12... Nc5 $146 ({Predecessor:} 12... c5 13. Rad1 Qc7 14. f4 g6 15. Nf3 Rad8 16. h4 Rfe8 17. h5 Nf8 18. f5 exf5 19. Bxf5 d4 20. exd4 Bxf3 21. Rxf3 cxd4 {1-0 (29) Castaneda,J (2228)-Trujillo Chaverra,F (2095) Medellin 2015}) 13. Bc2 Qe8 14. f4 f5 15. Qh3 (15. exf6 $1 $14 Bxf6 16. Bxf6 Rxf6 17. Nf3) 15... a5 16. cxd5 cxd5 17. Nf3 Ne4 18. Bxe4 dxe4 19. Nd4 Bc5 20. Rfd1 Bd5 21. a3 Rc8 22. Rdc1 Qe7 23. Qg3 g6 24. Qe1 h6 25. Qd1 g5 26. g3 gxf4 27. gxf4 Kh7 28. Kh1 Rg8 29. b4 Qg7 (29... Qh4 $19 {is more deadly.} 30. bxc5 bxc5 31. Nxe6 Qh3) 30. Qe2 axb4 31. axb4 $17 Bxb4 32. Rxc8 Rxc8 33. Rg1 Qf7 34. Qa6 Rb8 35. Qb5 Bc5 36. Qf1 b5 37. Rg3 Bc4 38. Qg2 Rg8 39. Ba1 Rxg3 40. hxg3 Qh5+ 41. Qh2 Qxh2+ 42. Kxh2 b4 43. Bb2 Kg6 44. Kh3 Kh5 45. Kg2 Kg4 46. Ba1 b3 47. Bb2 h5 48. Kf2 h4 49. gxh4 Kxh4 50. Nc6 Kg4 51. Nd4 Kh5 52. Nc6 Kg6 53. Bc1 Kf7 54. Nd8+ Ke7 55. Nb7 Bb4 56. Nd6 Ba6 57. Bb2 Bd2 58. Ba3 Kd7 59. Bb2 Kc6 60. Nf7 Kd5 61. Nd6 Kc5 62. Ba3+ Kb6 63. Bb2 Ka5 64. Nf7 Kb4 65. Nd8 Bc8 66. Nc6+ {[%emt 0:00:10] [#]} Kc4 $19 67. Nd4 Bc3 68. Bc1 b2 69. Bxb2 Bxb2 70. Nc6 {[%emt 0:00:27] Kd4} 0-1

[Event "ROU-chT Women Superliga 2018"]
[Site "Sovata"]
[Date "2018.11.30"]
[Round "6"]
[White "Lehaci, Miruna-Daria"]
[Black "Aciu, Malina-Andreea"]
[Result "1-0"]
[ECO "B54"]
[WhiteElo "2067"]
[BlackElo "1976"]
[Annotator "NA RC"]
[PlyCount "101"]
[EventDate "2018.11.24"]
[EventType "team-tourn"]
[EventCountry "ROU"]
[SourceTitle "playchess.com"]
[Source "ChessBase"]
[SourceQuality "1"]
[TimeControl "40/5400+30:1800+30"]

1. e4 c5 2. Nf3 d6 3. d4 cxd4 4. Nxd4 Nf6 5. f3 e5 6. Nb3 Be7 7. c4 Be6 8. Be3 {[%emt 0:14:36] B55: Sicilian: 2...d6 3 d4 cxd4 4 Nxd4 Nf6 5 f3} (8. Nc3 Nbd7 9. Be3 O-O 10. Be2 Rc8 11. Nd5 Bxd5 12. cxd5 Nb6 13. O-O Nfd7 14. Na5 Rc7 15. Qd2 f5 16. exf5 Rxf5 {½-½ (27) Oleksienko,M (2621)-Areshchenko,A (2666) Al Ain 2014}) 8... O-O 9. Nc3 a6 10. Be2 Nbd7 {[%emt 0:04:59] LiveBook: 3 Games} 11. O-O Rc8 12. Nd2 Nh5 13. Nd5 (13. g3 $5 ) 13... Bxd5 14. cxd5 Bg5 15. Bf2 g6 $146 ({Predecessor:} 15... Nf4) 16. Re1 f5 17. Bf1 Qc7 18. b3 Ndf6 19. g3 Ng7 20. Bh3 b5 21. Nf1 Qf7 22. Ne3 Nd7 23. Qe2 Nc5 24. Rf1 Rce8 25. Nc2 h5 26. Nb4 ({White should try} 26. Kh1 $16) 26... Qb7 27. Nd3 (27. Qc2 $16) 27... Nxd3 28. Qxd3 Rf7 29. b4 Ref8 30. Bg2 Rc7 31. Be1 Rc4 32. a4 Rfc8 33. Kh1 Rc2 34. f4 exf4 35. gxf4 Bf6 36. Ra3 Qb6 37. axb5 axb5 38. Ra8 Rxa8 39. Qxc2 Qb7 (39... Ra1 $11 {remains equal.}) 40. e5 dxe5 $2 (40... Rc8 $16 {was called for.} 41. Bc3 Be7) 41. fxe5 Bxe5 {[%emt 0:03:48] [#]} 42. d6 $1 Qc8 43. Qb3+ Kh7 44. d7 Qg8 45. Bd5 Qd8 46. Bxa8 Qxa8+ 47. Qf3 Qxf3+ 48. Rxf3 Bf6 49. Rd3 Bd8 50. Re3 $18 f4 51. Re8 1-0

[Event "ROU-chT Women Superliga 2018"]
[Site "Sovata"]
[Date "2018.11.30"]
[Round "6"]
[White "Ciolacu, Alessia-Mihaela"]
[Black "Visanescu, Daria-Ioana"]
[Result "1-0"]
[ECO "D35"]
[WhiteElo "1972"]
[BlackElo "2096"]
[Annotator "NA RC"]
[PlyCount "79"]
[EventDate "2018.11.24"]
[EventType "team-tourn"]
[EventCountry "ROU"]
[SourceTitle "playchess.com"]
[Source "ChessBase"]
[SourceQuality "1"]
[TimeControl "40/5400+30:1800+30"]

1. d4 d5 2. c4 e6 3. Nc3 Nf6 4. cxd5 exd5 5. Bg5 Be7 6. e3 O-O 7. Bd3 h6 8. Bh4 c6 9. Qc2 Be6 10. Nge2 Nh5 11. Bxe7 Qxe7 12. O-O Nd7 13. Rae1 {[%emt 0:01:07] D36: Queen's Gambit Declined: Exchange Variation: Main line (5 Bg5 c6 6 Qc2)} f5 (13... g6 14. f3 Ng7 15. Qd2 Qg5 16. Nf4 Rae8 17. g3 h5 18. Qf2 h4 19. g4 c5 20. Nce2 Qe7 {1-0 (38) Zilberman,Y (2513)-Zoler,D (2524) Israel 1999}) 14. Nf4 Nxf4 15. exf4 Qd6 16. g3 $146 ({Predecessor:} 16. Re3 Rae8 17. Rfe1 g6 18. g3 Bf7 19. Qa4 a6 20. Rxe8 Rxe8 21. Rxe8+ Bxe8 {0-1 (39) Kim,I (1836)-Tracy,J (2179) San Francisco 2016}) 16... Rae8 17. Kg2 Rf6 18. h4 Kf7 19. Ne2 Rg8 20. h5 Rc8 21. Ng1 c5 22. Nf3 Nf8 23. Re5 cxd4 24. Qb1 Qb6 25. Rfe1 Kg8 26. Bxf5 Bxf5 27. Rxf5 Rd8 28. Re7 Qb4 29. Rc7 Qb6 30. Re7 Qb4 31. Rfe5 Qc4 32. Rxb7 d3 33. Ree7 Ne6 34. f5 Ng5 35. Qe1 Ne4 36. Rxg7+ Kh8 37. Qa5 Re8 38. Rh7+ Kg8 39. Rbg7+ Kf8 40. Qxa7 1-0

[Event "ROU-chT Women Superliga 2018"]
[Site "Sovata"]
[Date "2018.11.30"]
[Round "6"]
[White "Stanciu, Andreea-Briana"]
[Black "Nastase, Andreea-Cristina"]
[Result "1/2-1/2"]
[ECO "A03"]
[WhiteElo "1953"]
[BlackElo "1900"]
[Annotator "NA RC"]
[PlyCount "99"]
[EventDate "2018.11.24"]
[EventType "team-tourn"]
[EventCountry "ROU"]
[SourceTitle "playchess.com"]
[Source "ChessBase"]
[SourceQuality "1"]
[TimeControl "40/5400+30:1800+30"]

1. f4 d5 2. Nf3 c5 3. e3 Nc6 4. Bb5 a6 5. Bxc6+ {[%emt 0:00:00] A03: Bird's Opening with 1...d5} bxc6 6. b3 f6 7. Bb2 Nh6 8. O-O e6 9. d3 Bd6 $146 ({Predecessor:} 9... Nf5 10. Qe1 Qb6 11. Kh1 c4 12. e4 cxb3 13. axb3 dxe4 14. dxe4 Ne3 15. Bd4 Bc5 16. Qxe3 {1-0 (16) Lopez,F (2250)-Gonzalez Perez,L (2235) England 1994}) 10. Nbd2 O-O 11. g3 Ng4 12. Qe2 e5 13. h3 Nxe3 14. Qxe3 exf4 15. gxf4 Bxh3 16. Rfe1 (16. Nd4 $5 Qd7 17. f5 Bxf1 18. Ne6 $11) 16... Qe8 17. Qxe8 Raxe8 18. Rxe8 (18. Ba3 $16) 18... Rxe8 19. Kh2 (19. Kf2 $11 {keeps the balance.}) 19... Bd7 20. Kg3 {[%emt 0:00:11] [#]} g5 $1 21. Bxf6 Bxf4+ 22. Kf2 {[%emt 0:00:11] [#]} g4 ({Better is} 22... Bxd2 $1 $17 23. Bxg5 (23. Nxd2 $2 Rf8 $19) 23... Bxg5 24. Nxg5 h5) 23. Bg5 Bxg5 $1 24. Nxg5 h6 25. Ngf3 gxf3 26. Rg1+ Kf7 27. Nxf3 Kf6 (27... h5 $17 28. Rg5 Bg4) 28. Nh4 Bf5 29. Kf3 (29. Nxf5 $11 {keeps the balance.} Kxf5 30. Rg7) 29... h5 30. Nxf5 Kxf5 31. Rg7 Rh8 32. Kg3 Rb8 (32... Rh6 $17 33. Ra7 Rg6+ 34. Kh3 Ke5 35. Rxa6 Kd4) 33. Kh4 $2 (33. Rh7 $11) 33... Ke5 34. Ra7 Rb6 35. a4 $1 c4 36. dxc4 dxc4 37. a5 Rb4 ({Don't go for} 37... cxb3 $2 38. axb6 b2 39. Re7+ Kd6 40. Re1 $18) 38. bxc4 Rxc4+ 39. Kxh5 Rxc2 40. Rxa6 Kd5 41. Kg4 Ra2 42. Kf3 c5 43. Ke3 Kc4 44. Ra8 $11 Ra3+ 45. Kd2 Kb5 46. Rb8+ Ka6 47. Rc8 Rxa5 48. Ra8+ Kb5 49. Rxa5+ Kxa5 50. Kc3 1/2-1/2

[Event "ROU-chT Women Superliga 2018"]
[Site "Sovata"]
[Date "2018.11.30"]
[Round "6"]
[White "Panainte, Andreea-Bianca"]
[Black "Matasaru, Stephanie"]
[Result "1-0"]
[ECO "B22"]
[WhiteElo "1946"]
[BlackElo "1859"]
[Annotator "NA RC"]
[PlyCount "43"]
[EventDate "2018.11.24"]
[EventType "team-tourn"]
[EventCountry "ROU"]
[SourceTitle "playchess.com"]
[Source "ChessBase"]
[SourceQuality "1"]
[TimeControl "40/5400+30:1800+30"]

1. e4 c5 2. c3 Nf6 3. e5 Nd5 4. d4 cxd4 5. Nf3 Nc6 6. Bc4 Nb6 7. Bb3 d5 8. exd6 Qxd6 9. O-O Be6 10. Na3 dxc3 11. Qe2 Bxb3 12. Nb5 Qd7 13. axb3 e6 14. Rd1 Qc8 15. Bf4 cxb2 16. Rab1 $11 (16. Qxb2 $16 f6 17. Nc7+ {[%mdl 64] Double Attack} Kf7 18. Nxa8 Qxa8 19. Nd4) 16... Bb4 $2 (16... f6 $11) 17. Bd6 a6 18. Nc7+ Kd8 19. Nxa8 Nd5 20. Rxd5 exd5 21. Bc7+ Kd7 22. Nb6+ 1-0

[Event "ROU-chT Women Superliga 2018"]
[Site "Sovata"]
[Date "2018.11.30"]
[Round "6"]
[White "Anton, Ana-Roxana"]
[Black "Rata, Anamaria"]
[Result "1-0"]
[ECO "B23"]
[WhiteElo "1860"]
[BlackElo "1780"]
[Annotator "NA RC"]
[PlyCount "95"]
[EventDate "2018.11.24"]
[EventType "team-tourn"]
[EventCountry "ROU"]
[SourceTitle "playchess.com"]
[Source "ChessBase"]
[SourceQuality "1"]
[TimeControl "40/5400+30:1800+30"]

1. e4 c5 2. Nc3 d6 3. f4 Nc6 4. Nf3 g6 5. Bc4 Bg7 6. O-O e6 7. d3 Nge7 8. Qe1 O-O 9. a3 a6 10. Kh1 {[%emt 0:08:10] B23: Closed Sicilian: Lines without g3} (10. Qh4 d5 11. Ba2 Nd4 12. Nxd4 cxd4 13. Ne2 dxe4 14. dxe4 Qc7 15. Ng3 Re8 16. Rf2 Bd7 17. Bd2 Qb6 {0-1 (26) Lilov,V (2385)-Baramidze,D (2583) Plovdiv 2008}) 10... b6 11. Qh4 Nd4 12. Nxd4 (12. Ng5 $2 h6 $17) 12... cxd4 13. Ne2 d5 14. Ba2 dxe4 15. dxe4 Bb7 (15... Qc7 $11) 16. Ng3 $146 ({Predecessor:} 16. f5 exf5 {1-0 (27) Mengus,C (1885)-Renault,J (1955) Chartres 2005}) 16... Nf5 17. Nxf5 gxf5 ({But not} 17... exf5 18. Qxd8 Rfxd8 19. e5 $15) 18. Qxd8 Rfxd8 19. e5 Rac8 20. Bb1 Be4 21. Rf2 d3 22. c3 {[%emt 0:00:27] [#]} Bf8 $1 23. Bd2 Bc5 24. Rf1 $2 (24. Kg1) 24... Kh8 25. b4 (25. Be1 $142 d2 26. Bxe4 fxe4 27. b4 dxe1=R 28. Raxe1) 25... Be7 26. Kg1 b5 27. Ba2 $2 (27. a4 $17 {keeps fighting.}) 27... Rd7 28. Bb3 Bd8 29. h3 Bb6+ 30. Kh2 Rg8 31. g3 h5 32. Bd1 {[%emt 0:00:47] [#]} h4 $1 33. g4 fxg4 $2 (33... a5 $17 34. a4 axb4 35. cxb4 Bd4) 34. hxg4 Rdd8 (34... a5 $11 {remains equal.}) 35. Kh3 Rg7 36. Bf3 Bxf3 37. Rxf3 Rh7 38. Rd1 a5 39. Be1 axb4 40. axb4 Rg7 $2 (40... d2) 41. Bxh4 Rh7 42. Kg3 Rc8 43. Bf6+ Kg8 44. Rfxd3 Rb8 $18 45. Rd6 Rh6 46. Bd8 Bxd8 47. Rxd8+ Rxd8 48. Rxd8+ 1-0

[Event "ROU-chT Women Superliga 2018"]
[Site "Sovata"]
[Date "2018.11.30"]
[Round "6"]
[White "Cristocea, Gabriela"]
[Black "Cosman, Andreea-Marioara"]
[Result "0-1"]
[ECO "A62"]
[WhiteElo "1843"]
[BlackElo "2176"]
[Annotator "NA RC"]
[PlyCount "40"]
[EventDate "2018.11.24"]
[EventType "team-tourn"]
[EventCountry "ROU"]
[SourceTitle "playchess.com"]
[Source "ChessBase"]
[SourceQuality "1"]
[TimeControl "40/5400+30:1800+30"]

1. d4 Nf6 2. c4 c5 3. d5 e6 4. Nc3 exd5 5. cxd5 d6 6. g3 g6 7. Bg2 Bg7 8. Nf3 O-O 9. O-O Na6 10. Nd2 Ng4 11. Nc4 Ne5 12. Nxe5 Bxe5 13. e4 f5 14. Qb3 Rb8 15. Be3 Qf6 $11 16. Rad1 b5 17. f4 Bxc3 18. Qxc3 Qxc3 19. bxc3 fxe4 20. Bxe4 Re8 0-1

[Event "ROU-chT Women Superliga 2018"]
[Site "Sovata"]
[Date "2018.11.30"]
[Round "6"]
[White "Popa, Catalina-Elena"]
[Black "Bucur, Denisa-Andreea"]
[Result "1-0"]
[ECO "D00"]
[WhiteElo "1746"]
[BlackElo "2012"]
[Annotator "NA RC"]
[PlyCount "89"]
[EventDate "2018.11.24"]
[EventType "team-tourn"]
[EventCountry "ROU"]
[SourceTitle "playchess.com"]
[Source "ChessBase"]
[SourceQuality "1"]
[TimeControl "40/5400+30:1800+30"]

1. d4 d5 2. Bf4 Nf6 3. e3 c5 4. c3 Nc6 5. Nd2 {[%emt 0:00:28] D00: 1 d4 d5: Unusual lines} Bf5 6. Qb3 Qd7 7. Be2 c4 8. Qd1 e6 9. Ngf3 h6 {[%emt 0:02:35] LiveBook: 13 Games} 10. O-O Be7 11. b3 $146 ({Predecessor:} 11. Ne5 Nxe5 12. Bxe5 O-O {1-0 (34) Kamsky,G (2741)-Potkin,V (2647) Khanty-Mansiysk 2013}) 11... Ba3 12. bxc4 Bb2 13. Rb1 Bxc3 ({But not} 13... Bxb1 $2 14. Nxb1 Ba1 15. Qc2 $18) 14. Rb3 Ba5 ({Black should try} 14... Bxd2 $14 15. Nxd2 (15. Qxd2 dxc4 16. Bxc4 O-O $14) 15... Na5) 15. c5 O-O 16. Bd6 Rfc8 17. Ne5 Nxe5 18. dxe5 Bxd2 $2 (18... Ne8 $14) 19. Qxd2 Ne4 20. Qb4 $1 a5 {[%emt 0:04:47] [#]} (20... b6 $1 $14) 21. Qd4 $1 f6 22. Rb5 fxe5 23. Bxe5 Bg6 (23... Qe7 $16 {might work better.}) 24. f3 Ng5 25. h4 Nh7 26. a4 Qe7 27. Bd6 Qf7 28. Qb2 Ra7 29. Qc3 Rca8 30. Rd1 Nf6 31. Rd2 Ne8 32. Be5 Qe7 33. Rdb2 Qxh4 34. Rxb7 Nf6 35. c6 Be8 36. Rxa7 Rxa7 37. c7 Ra8 38. Bxf6 gxf6 39. c8=Q Rxc8 40. Qxc8 {[%emt 0:00:00] Double Attack} Qe1+ 41. Bf1 Qxe3+ 42. Rf2 Kf7 43. Qc7+ Kg6 44. Qxa5 d4 45. Qa8 $18 1-0

[Event "ROU-chT Women Superliga 2018"]
[Site "Sovata"]
[Date "2018.11.30"]
[Round "6"]
[White "Popa, Andrada"]
[Black "Pelin, Ana-Maria"]
[Result "0-1"]
[ECO "D00"]
[WhiteElo "1598"]
[BlackElo "1751"]
[Annotator "NA RC"]
[PlyCount "68"]
[EventDate "2018.11.24"]
[EventType "team-tourn"]
[EventCountry "ROU"]
[SourceTitle "playchess.com"]
[Source "ChessBase"]
[SourceQuality "1"]
[TimeControl "40/5400+30:1800+30"]

1. d4 d5 2. Bf4 c5 3. c3 Nc6 4. e3 Nf6 5. Bd3 Qb6 6. Qc1 Bg4 7. Nd2 e6 8. Ngf3 Rc8 9. a3 cxd4 10. exd4 Be7 11. h3 Bh5 12. Rb1 O-O 13. O-O Rfd8 14. Qe1 Bg6 15. Bxg6 hxg6 16. Ne5 Nd7 17. Ndf3 Ndxe5 18. Nxe5 Nxe5 19. Bxe5 Rc6 20. Qd2 Rdc8 21. Rfc1 Qb3 22. Qc2 Rb6 23. a4 a5 24. Qxb3 Rxb3 25. Kf1 Rc4 26. Ra1 Rxb2 27. Rab1 Rxc3 28. Rxb2 Rxc1+ 29. Ke2 Bb4 30. Ra2 f6 31. Bg3 Kf7 32. f4 Ke7 33. Kf3 Kd7 34. Kg4 Rd1 0-1

[Event "ROU-chT Women Superliga 2018"]
[Site "Sovata"]
[Date "2018.12.01"]
[Round "7"]
[White "Sandu, Mihaela"]
[Black "Sgircea, Silvia-Raluca"]
[Result "1-0"]
[ECO "B39"]
[WhiteElo "2312"]
[BlackElo "2259"]
[Annotator "NA"]
[PlyCount "73"]
[EventDate "2018.11.24"]
[EventType "team-tourn"]
[EventCountry "ROU"]
[SourceTitle "playchess.com"]
[Source "ChessBase"]
[SourceQuality "1"]
[TimeControl "40/5400+30:1800+30"]

1. e4 c5 2. Nf3 Nc6 3. d4 cxd4 4. Nxd4 g6 5. c4 Bg7 6. Be3 Nf6 7. Nc3 Ng4 8. Qxg4 Nxd4 9. Qd1 e5 10. Bd3 O-O 11. O-O d6 12. Qd2 Be6 13. Ne2 Nxe2+ 14. Bxe2 Rc8 15. Rac1 Qe7 16. b3 Rc6 17. a4 a6 18. b4 f5 19. exf5 gxf5 20. f4 e4 21. b5 axb5 22. cxb5 Rcc8 23. Qb4 Qd7 24. b6 d5 25. Bb5 Qf7 26. a5 Rfd8 27. a6 bxa6 28. Bxa6 Rxc1 29. Rxc1 d4 30. b7 Qe8 31. Rd1 Bf8 32. Qb6 Bd6 33. Rxd4 Qf8 34. b8=Q Rxb8 35. Qxd6 Rb1+ 36. Kf2 Rb2+ 37. Be2 1-0